 Dungeon Crawl Stone Soup version 0.22-a0-40-g3d2f077def (webtiles) character file.

90715 Manul the Spry (level 15, -19/82 HPs)
             Began as a Spriggan Abyssal Knight on Jan 5, 2018.
             Was a High Priest of Lugonu.
             Killed from afar by a Hell Sentinel (51 damage)
             ... with damnation
             ... on level 1 of the Abyss.
             The game lasted 01:07:03 (29766 turns).

Manul the Spry (Spriggan Abyssal Knight)           Turns: 29766, Time: 01:07:04

Health: -19/82     AC: 11    Str: 12      XL:     15   Next: 53%
Magic:  16/22      EV: 39    Int: 21 (23) God:    Lugonu [*****.]
Gold:   2623       SH:  5    Dex: 24 (25) Spells: 15/22 levels left

rFire    . . .     SeeInvis +   C - +8 quick blade (distort)
rCold    . . .     Gourm    .   (shield restricted)
rNeg     . . .     Faith    .   m - +0 acid dragon scales
rPois    .         Spirit   .   V - +2 hat {Int+3}
rElec    .         Reflect  +   t - +0 cloak (curse)
rCorr    +         Harm     .   (gloves unavailable)
MR       ++...     Rnd*Rage +   (boots unavailable) Stlth +++++++...Rnd*Tele +
                                M - amulet "Bani" {Reflect Dex+4 SH+5}
HPRegen  0.23/turn              w - ring "Ukuokaid" {*Tele Int+3 Stlth+}
MPRegen  0.18/turn              a - ring of Namewn {EV+3 Str+4 Int+4 Slay+3}

@: very quick
A: very small, unfitting armour, claws 1, see invisible, berserk 1,
deterioration 1, dopey 1, herbivore, speed 3, slow metabolism 2
a: Depart the Abyss, Bend Space, Banish, Corrupt, Enter the Abyss, Renounce
Religion


You were on level 1 of the Abyss.
You worshipped Lugonu.
Lugonu was extremely pleased with you.
You were not hungry.

You visited 3 branches of the dungeon, and saw 23 of its levels.
You visited the Abyss 4 times.
You also visited: Labyrinth.

You collected 3254 gold pieces.
You spent 631 gold pieces at shops.

Inventory:

Hand Weapons
 C - a +8 quick blade of distortion (weapon)
 Q - a +1 short sword of draining
Armour
 m - +0 acid dragon scales (worn)
 n - +1 ice dragon scales
 q - a scarf of spirit shield
 t - a cursed +0 cloak (worn)
 V - a +2 hat of intelligence (worn)
 Z - +1 swamp dragon scales
Jewellery
 a - the ring of Namewn (right claw) {EV+3 Str+4 Int+4 Slay+3}
   (You bought it in a shop on level 2 of the Orcish Mines)

   [ring of evasion]

   It affects your evasion (+3).
   It affects your strength (+4).
   It affects your intelligence (+4).
   It affects your accuracy and damage with ranged weapons and melee attacks
   (+3).
 d - a +6 ring of dexterity
 w - the ring "Ukuokaid" (left claw) {*Tele Int+3 Stlth+}
   (You found it on level 13 of the Dungeon)

   [ring of teleportation]

   It may teleport you next to monsters.
   It affects your intelligence (+3).
   It makes you more stealthy.
 L - an uncursed ring of resist corrosion
 M - the amulet "Bani" (around neck) {Reflect Dex+4 SH+5}
   (You found it on level 13 of the Dungeon)

   [amulet of reflection]

   It shields you and reflects attacks.
   It affects your dexterity (+4).
   It affects your SH (+5).
 S - an uncursed ring of protection from fire
 X - an uncursed amulet of magic regeneration
Wands
 l - a wand of digging (13)
 p - a wand of flame (25)
 u - a wand of enslavement (17)
 y - a wand of random effects (10)
 G - a wand of polymorph (12)
 U - a wand of acid (17)
 W - a wand of scattershot (1)
 Y - a wand of iceblast (24)
Scrolls
 e - 6 scrolls of fog
 i - 3 scrolls of blinking
 j - 9 scrolls of teleportation
 k - 5 scrolls of fear
 o - 2 scrolls of brand weapon
 s - 9 scrolls of remove curse
 E - 2 scrolls of enchant armour
 R - 4 scrolls of identify
Potions
 b - 4 potions of might
 r - 6 potions of haste
 x - a potion of agility
 z - 2 potions of berserk rage
 A - a potion of invisibility
 D - 14 potions of curing
 F - 2 potions of flight
 H - 2 potions of cancellation
 K - 2 potions of lignification
 O - 2 potions of resistance
Miscellaneous
 f - a phial of floods
Comestibles
 c - 24 rations


   Skills:
 + Level 11.0 Fighting
 + Level 13.6 Short Blades
   Level 1.2 Polearms
 - Level 8.1 Armour
 + Level 19.7 Dodging
 + Level 13.0 Stealth
 - Level 4.0 Spellcasting
 * Level 0.8 Hexes
 - Level 5.8 Charms
 - Level 6.5 Invocations
 - Level 2.0 Evocations


You had 15 spell levels left.
You knew the following spells:

 Your Spells              Type           Power        Failure   Level  Hunger
a - Beastly Appendage     Tmut           #.....       17%         1    None
b - Swiftness             Chrm/Air       ###.....     8%          2    #......
c - Cause Fear            Hex            #.........   75%         4    ####...


Dungeon Overview and Level Annotations

Branches:
Dungeon (15/15)            Temple (0/1) D:5            Lair (6/6) D:10
 Shoals (0/4) Lair:2        Snake (0/4) Lair:4        Slime (0/5) Lair:6
    Orc (2/2) D:12            Elf (0/3) Orc:2        Vaults (0/5) D:13
 Depths: D:15

Altars:
Ashenzari
Cheibriados
Dithmenos
Hepliaklqana
Okawaru
Ru
Sif Muna
Uskayaw
Vehumet
Xom
Yredelemnul
Zin
The Shining One
Jiyva

Shops:
D:5 (   D:10 *   D:15 :   Orc:1 }   Orc:2 *[=(

Portals:
Trove: D:10 (give +6 demon blade)

Annotations:
D:5 Cheet4h's ghost, novice DrBe
Lair:3 exclusion: oklob plant
Abyss:1 Snorg


Innate Abilities, Weirdness & Mutations

You are very small and have problems with some larger weapons.
You are too small for most types of armour.
You have supernaturally acute eyesight. (SInv)
You are a herbivore.
You cover ground extremely quickly.
You need consume almost no food.
You have sharp fingernails.
You tend to lose your temper in combat.
Your body sometimes deteriorates upon taking damage.
You are dopey. (Int -2)


Message History

Found 24 gold pieces.
An angel comes into view. It is wielding a whip of holy wrath.
The angel moves out of view.
Found a ration.
A tentacled monstrosity comes into view.
A spatial vortex and a Hell Sentinel come into view.
A deep elf sorcerer comes into view. It is wielding a long sword.
The deep elf sorcerer shouts!
The Hell Sentinel roars!
A spatial vortex comes into view.
The spatial vortex moves out of view.
The deep elf sorcerer casts a spell at you.
You resist with almost no effort. The Hell Sentinel gestures at you.
The sphere of damnation explodes!
The damnation engulfs you!
You hear a shout! x2; You hear a roar!
You hear a shout!
Unknown command.
The Hell Sentinel gestures at you.
The sphere of damnation explodes!
The damnation engulfs you!
Ouch! That really hurt!
You die...

......###..........
....e1..##.........
.............#.#...
.................≈
. ... ...#........#
.. . . ...
..##..%.....#.§...#
. . .....#
#..........≈.≈..#.
. . .....
##........§≈..≈ ≈ ≈
....
#.....@......... .
.## ##.............
. .
#...#####.../....
... #... #.#
....∩...... ##..#..
...#.## # #
#.###.######## #
#.# ## ..## ... #.#
.## X... # # #


You could see a Hell Sentinel.

Vanquished Creatures
  Gastronok (D:11)
  The ghost of loom the Thaumaturge, a journeyman DrFE of Vehumet (Lair:6)
  2 orc warlords (Orc:1)
  A minotaur (Lab)
  Harold (Lair:3)
  7 hydras
  3 centaur warriors
  4 two-headed ogres
  2 thrashing horrors
  An ogre mage (D:13)
  An orc high priest (Orc:1)
  3 unseen horrors
  A wizard (D:10)
  A swamp dragon (Abyss:3)
  5 orc knights
  2 deep elf magi (D:13)
  8 orc sorcerers
  2 ugly things (D:12)
  2 cyclopes
  16 elephants
  A centaur zombie (D:14)
  Maurice (Orc:2)
  A manticore (D:11)
  5 black mambas
  3 gargoyles
  13 spiny frogs
  A molten gargoyle (D:14)
  2 komodo dragons (Lair:2)
  3 yaktaurs (D:13)
  2 rime drakes
  5 large abominations
  4 polar bears
  4 hornets
  6 trolls
  15 blink frogs
  Grinder (D:5)
  2 slime creatures (D:12)
  5 dream sheep (Lair:6)
  A snapping turtle (shapeshifter) (D:14)
  5 hippogriffs
  A wyvern (D:12)
  A vampire (D:13)
  12 spriggans
  2 wraiths
  29 yaks
  A yak (shapeshifter) (D:13)
  4 basilisks
  Grum (D:8)
  A human (D:9)
  3 vampire mosquitoes (D:14)
  5 hungry ghosts
  6 wargs
  3 nagas (Lair:4)
  2 soldier ants
  11 water moccasins
  10 porcupines
  30 orc warriors
  4 sky beasts
  3 ice beasts
  4 black bears
  A phantom (D:6)
  44 wolves
  15 centaurs
  20 ogres
  An eye of draining (D:8)
  3 boggarts (Lair:6)
  14 crocodiles
  4 big kobolds
  19 bullfrogs
  A gnoll sergeant (D:9)
  A wyvern zombie (D:9)
  6 killer bees
  2 scorpions
  An electric eel (Lair:5)
  2 vampire bats (Orc:2)
  3 wights (D:13)
  A howler monkey (D:6)
  8 crimson imps
  2 lava snakes (D:14)
  A wyvern simulacrum (D:9)
  6 hounds
  A bullfrog zombie (D:9)
  25 orc wizards
  4 bullfrog skeletons
  20 orc priests
  6 centaur skeletons
  4 jellies
  Ijyb (D:3)
  2 iguanas
  Terence (D:2)
  11 worker ants
  A killer bee zombie (D:5)
  A hound skeleton (D:6)
  A worker ant zombie (D:5)
  11 adders
  10 gnolls
  5 shadow imps
  2 white imps
  3 ufetubi (D:9)
  An ooze (D:3)
  An adder skeleton (D:8)
  A worm (D:2)
  2 dart slugs
  5 leopard geckos
  86 orcs
  A ball python (D:3)
  12 bats
  3 giant cockroaches
  22 goblins
  26 hobgoblins
  19 jackals
  A quokka (D:5)
  2 frilled lizards
  16 kobolds
  3 rats
742 creatures vanquished.

Vanquished Creatures (collateral kills)
  An orb spider (shapeshifter) (Abyss:2)
  An orc warrior (Orc:1)
2 creatures vanquished.

Vanquished Creatures (others)
  A hydra (D:15)
  A centaur warrior (D:13)
  A death knight (D:14)
  A deep elf knight (D:13)
  A skeletal warrior (D:13)
  An orange crystal statue (D:13)
  2 orc knights
  An orc sorcerer (Orc:2)
  A deep elf mage (D:13)
  A cyclops (D:13)
  3 elephants
  A black mamba (Lair:6)
  2 polar bears
  A blink frog (Lair:6)
  A dream sheep (Lair:6)
  2 spriggans (Lair:6)
  A yak (Lair:6)
  A wyvern (Lair:6)
  2 water moccasins (Lair:6)
  5 orc warriors
  A black bear (Lair:6)
  4 wolves
  2 boggarts (Lair:6)
  A necrophage (D:13)
  2 orc wizards (Orc:2)
  An orc (Orc:1)
  A bat (Orc:2)
  4 bushes (Lair:6)
  25 fungi
  7 plants
  10 starspawn tentacles
88 creatures vanquished.

Grand Total: 832 creatures vanquished

Notes
Turn   | Place    | Note
-------+----------+-------------------------------------------
     0 | Abyss:1  | Manul the Spriggan Abyssal Knight began the quest for the Orb.
     0 | Abyss:1  | Reached XP level 1. HP: 11/11 MP: 3/3
    16 | Abyss:1  | Noticed a large abomination
    71 | Abyss:2  | Noticed a smoke demon
    99 | Abyss:2  | Noticed an orb spider
   126 | Abyss:2  | Killed an orb spider
   126 | Abyss:2  | Reached skill level 6 in Dodging
   126 | Abyss:2  | Reached XP level 2. HP: 16/16 MP: 4/4
   126 | Abyss:2  | Reached XP level 3. HP: 19/19 MP: 5/5
   126 | Abyss:2  | Reached XP level 4. HP: 23/23 MP: 6/6
   126 | Abyss:2  | Reached XP level 5. HP: 27/27 MP: 7/7
   130 | Abyss:2  | Noticed a large abomination
   163 | Abyss:2  | Noticed a chaos spawn
   168 | Abyss:2  | Noticed a small abomination
   173 | Abyss:2  | Noticed a wraith
   176 | Abyss:2  | Noticed a large abomination
   177 | Abyss:2  | Noticed a ynoxinul
   177 | Abyss:2  | Noticed a thrashing horror
   179 | Abyss:2  | Noticed a raiju
   181 | D:1      | Escaped the Abyss
  1169 | D:2      | Reached * piety under Lugonu
  1256 | D:2      | Found a hide-covered altar of Uskayaw.
  1508 | D:2      | Found a shadowy altar of Dithmenos.
  1516 | D:2      | Noticed Terence
  1523 | D:2      | Killed Terence
  1523 | D:2      | Reached XP level 6. HP: 32/32 MP: 8/8
  2100 | D:3      | Noticed Ijyb
  2118 | D:3      | Killed Ijyb
  2118 | D:3      | Reached skill level 7 in Dodging
  2212 | D:3      | Reached ** piety under Lugonu
  2718 | D:4      | Found a snail-covered altar of Cheibriados.
  2940 | D:4      | Reached XP level 7. HP: 36/36 MP: 9/9
  3080 | D:4      | Reached skill level 8 in Dodging
  3080 | D:4      | Reached skill level 1 in Evocations
  3482 | D:5      | Entered Level 5 of the Dungeon
  3508 | D:5      | Reached skill level 5 in Short Blades
  3541 | D:5      | Found a hazy altar of Hepliaklqana.
  3680 | D:5      | Noticed Grinder
  3716 | D:5      | Killed Grinder
  3716 | D:5      | Reached XP level 8. HP: 41/42 MP: 9/11
  3837 | D:5      | Found a staircase to the Ecumenical Temple.
  3963 | D:5      | Found Rilobb's Weapon Shoppe.
  4145 | D:5      | Found a shattered altar of Ashenzari.
  4145 | D:5      | Found a sacrificial altar of Ru.
  4200 | D:5      | Noticed Cheet4h's ghost (novice DrBe)
  4335 | D:6      | Found a basalt altar of Yredelemnul.
  4387 | D:6      | Reached skill level 9 in Dodging
  4485 | D:6      | Reached *** piety under Lugonu
  5284 | D:6      | Reached **** piety under Lugonu
  5700 | D:7      | Reached XP level 9. HP: 46/46 MP: 12/12
  6126 | D:7      | Reached skill level 10 in Dodging
  6206 | D:7      | Noticed a two-headed ogre
  6212 | D:7      | Killed a two-headed ogre
  6388 | D:8      | Noticed Grum
  6417 | D:8      | Reached skill level 5 in Fighting
  6449 | D:8      | Killed Grum
  6449 | D:8      | Reached skill level 5 in Invocations
  6698 | D:8      | Noticed an angel
  6699 | D:8      | Found a glowing silver altar of Zin.
  6865 | D:8      | Reached ***** piety under Lugonu
  6865 | D:8      | Reached skill level 11 in Dodging
  7232 | D:9      | Found a radiant altar of Vehumet.
  7246 | D:9      | Reached XP level 10. HP: 51/51 MP: 15/15
  7508 | D:9      | Noticed a two-headed ogre
  7579 | D:9      | Killed a two-headed ogre
  8008 | D:9      | Found a shimmering altar of Xom.
  8908 | D:9      | Reached skill level 12 in Dodging
  9179 | D:9      | Found an iron altar of Okawaru.
  9773 | D:10     | Entered Level 10 of the Dungeon
  9907 | D:10     | Found Mimih's General Store.
 10326 | D:10     | Noticed a wizard
 10328 | D:10     | Killed a wizard
 10381 | D:10     | Found a portal to a secret trove of treasure.
 10393 | D:10     | Learned a level 1 spell: Beastly Appendage
 10396 | D:10     | Learned a level 2 spell: Swiftness
 10427 | D:10     | Noticed a gargoyle
 10442 | D:9      | Killed a gargoyle
 10455 | D:10     | Found a staircase to the Lair.
 10467 | D:10     | Reached skill level 1 in Charms
 10467 | D:10     | Reached XP level 11. HP: 43/56 MP: 12/16
 10515 | D:10     | Reached skill level 13 in Dodging
 10787 | D:11     | Noticed Gastronok
 10788 | D:11     | Reached skill level 10 in Stealth
 11061 | D:11     | Noticed a five-headed hydra
 11098 | D:11     | Got a brightly glowing trident
 11121 | D:10     | Identified the +4 trident "Kapynesh" {drain, +Fly Str+6 Int+4 Dex-4} (You found it on level 11 of the Dungeon)
 11974 | D:11     | Killed Gastronok
 11974 | D:11     | Reached skill level 10 in Short Blades
 11974 | D:11     | Reached skill level 5 in Charms
 12104 | D:12     | Noticed a purple ugly thing
 12142 | D:12     | Killed a purple ugly thing
 12142 | D:12     | Reached skill level 1 in Polearms
 12308 | D:11     | Killed a five-headed hydra
 12346 | D:12     | Noticed an orc knight
 12382 | D:12     | Reached skill level 14 in Dodging
 12397 | D:12     | Killed an orc knight
 12397 | D:12     | Reached skill level 1 in Spellcasting
 12761 | D:12     | Noticed a brown ugly thing
 12834 | D:12     | Killed a brown ugly thing
 13025 | D:12     | Found a staircase to the Orcish Mines.
 13385 | D:12     | Noticed an unseen horror
 13393 | D:12     | Killed an unseen horror
 13393 | D:12     | Reached XP level 12. HP: 63/63 MP: 17/17
 13483 | D:12     | Reached ****** piety under Lugonu
 13816 | D:13     | Noticed a centaur warrior
 13912 | D:13     | Noticed a centaur warrior
 14135 | Orc:1    | Entered Level 1 of the Orcish Mines
 14181 | D:12     | Reached skill level 15 in Dodging
 14305 | Abyss:2  | Noticed a rakshasa
 14311 | Abyss:2  | Noticed a tentacled starspawn
 14357 | Abyss:2  | Noticed a tentacled starspawn
 14361 | Abyss:2  | Noticed a white draconian
 14374 | Abyss:2  | Noticed a starcursed mass
 14430 | Abyss:2  | Noticed a tentacled starspawn
 14506 | Abyss:3  | Noticed a ghost moth
 14509 | Abyss:3  | Noticed a starcursed mass
 14627 | Abyss:3  | Found a corrupted altar of Lugonu.
 14720 | Abyss:3  | Noticed a bone dragon
 14751 | Abyss:3  | Noticed a cacodemon
 14759 | Abyss:3  | Found a corrupted altar of Lugonu.
 14789 | D:12     | Escaped the Abyss
 15023 | Orc:2    | Entered Level 2 of the Orcish Mines
 15023 | Orc:2    | Noticed an orc warlord
 15102 | Lair:1   | Entered Level 1 of the Lair of Beasts
 15138 | Lair:1   | Reached skill level 1 in Armour
 15196 | Lair:1   | Noticed a seven-headed hydra
 15198 | Lair:1   | Killed a seven-headed hydra
 15423 | Lair:1   | Found a glowing golden altar of the Shining One.
 15423 | Lair:1   | Noticed a four-headed hydra
 15480 | Lair:1   | Killed a four-headed hydra
 15518 | Lair:1   | Reached skill level 16 in Dodging
 15891 | Lair:2   | Found a staircase to the Shoals.
 16272 | Lair:2   | Reached XP level 13. HP: 67/68 MP: 18/20
 16871 | Lair:3   | Noticed Harold
 16875 | Lair:3   | Killed Harold
 17500 | Lair:3   | Identified a scroll of acquirement
 17525 | Lair:3   | Found a deep blue altar of Sif Muna.
 17628 | Lair:3   | Reached skill level 17 in Dodging
 18424 | Lair:4   | Reached skill level 5 in Armour
 19235 | Lair:4   | Found a staircase to the Snake Pit.
 19883 | Lair:5   | Identified a +6 quick blade of distortion (a +4 quick blade corrupted by Lugonu)
 19883 | Lair:5   | Received a gift from Lugonu
 20879 | Lair:6   | Entered Level 6 of the Lair of Beasts
 21085 | Lair:6   | Paralysed by a hornet for 1 turns
 21287 | Lair:6   | Reached XP level 14. HP: 75/75 MP: 21/21
 21294 | Lair:6   | Reached skill level 18 in Dodging
 21421 | Lair:6   | Found a staircase to the Slime Pits.
 21421 | Lair:6   | Found a viscous altar of Jiyva.
 21893 | Lair:6   | Noticed loom's ghost (journeyman DrFE)
 22152 | Lair:6   | Killed loom's ghost
 23670 | Orc:2    | Found Yjoacwina's Jewellery Shop.
 23731 | Orc:2    | Noticed an orc warlord
 23889 | Orc:1    | Killed an orc warlord
 23902 | Orc:1    | Reached skill level 10 in Fighting
 24379 | Orc:2    | Found Utahuat's General Store.
 24466 | Orc:2    | Found a staircase to the Elven Halls.
 24628 | Orc:2    | Bought the ring of Namewn {EV+3 Str+4 Int+4 Slay+3} for 631 gold pieces
 24760 | Orc:2    | Found Onlaihi's Antique Armour Shoppe.
 24776 | Orc:2    | Noticed Maurice
 24845 | Orc:2    | Killed Maurice
 24897 | Orc:2    | Found Huhaca's Antique Weapon Boutique.
 24915 | Orc:2    | Reached skill level 19 in Dodging
 25088 | Orc:2    | Gained mutation: You are dopey. (Int -2) [potion of mutation]
 25088 | Orc:2    | Gained mutation: Your body sometimes deteriorates upon taking damage. [potion of mutation]
 25088 | Orc:2    | Gained mutation: You have sharp fingernails. [potion of mutation]
 25105 | Abyss:1  | Noticed a lich
 25106 | Abyss:1  | Noticed a deep elf sorcerer
 25213 | Abyss:4  | Noticed a starcursed mass
 25218 | Abyss:4  | Noticed a starcursed mass
 25270 | Abyss:5  | Entered Level 5 of the Abyss
 25351 | Abyss:5  | Noticed a deep elf sorcerer
 25364 | Abyss:5  | Gained mutation: You tend to lose your temper in combat. [a neqoxec]
 25378 | Abyss:5  | Noticed a tentacled starspawn
 25400 | Abyss:5  | Noticed a starcursed mass
 25408 | Abyss:5  | Noticed an Executioner
 25484 | Abyss:5  | Noticed a Hell Sentinel
 25500 | Abyss:5  | Noticed a Hell Sentinel
 25502 | Abyss:5  | Paralysed by accursed screaming for 1 turns
 25507 | Orc:2    | Escaped the Abyss
 25704 | Orc:1    | Killed an orc warlord
 25814 | Orc:1    | Noticed Snorg
 25862 | Orc:1    | Banished Snorg
 25918 | Orc:1    | Reached XP level 15. HP: 69/81 MP: 17/22
 25938 | Orc:1    | You fall through a shaft!
 25999 | Orc:1    | Found Zaotweov's Gadget Boutique.
 26243 | D:13     | Found a runed door.
 27291 | D:13     | Found a gate to the Vaults.
 27465 | D:13     | Got a scorched platinum amulet
 27468 | D:13     | Got a sparkling ivory ring
 27470 | D:13     | Identified the amulet "Toej" {Faith rElec rN+++ Int-3} (You found it on level 13 of the Dungeon)
 27502 | D:13     | Identified the Papyrus of Helpful Contamination
 27506 | D:13     | Got a bound jade amulet
 27508 | D:13     | Identified the amulet "Bani" {Reflect Dex+4 SH+5} (You found it on level 13 of the Dungeon)
 27537 | D:13     | Identified the ring "Ukuokaid" {*Tele Int+3 Stlth+} (You found it on level 13 of the Dungeon)
 27562 | D:13     | Learned a level 4 spell: Cause Fear
 27850 | D:14     | Found a labyrinth entrance.
 27857 | Lab      | Entered a labyrinth
 29051 | D:15     | Entered Level 15 of the Dungeon
 29060 | D:15     | Found Xuido's Book Emporium.
 29144 | D:15     | HP: 1/82 [meliai/divine providence (15)]
 29153 | D:15     | HP: 4/82 [meliai/divine providence (13)]
 29722 | Abyss:1  | Noticed a lich
 29751 | Abyss:1  | Noticed a tentacled monstrosity
 29759 | Abyss:1  | Noticed a Hell Sentinel
 29760 | Abyss:1  | Noticed a deep elf sorcerer
 29766 | Abyss:1  | Killed from afar by a Hell Sentinel

Vault maps used:
D:1:      lightli_arrival_farm, minmay_misc_feat_five
D:2:      eat_drink_and_be_merry_uskayaw, nicolae_overflow_crystal_walls,
          minmay_bisected, uniq_terence
D:3:      uniq_ijyb
D:4:      minmay_opposing_rooms, first_ration, minmay_misc_feat_four_crosses,
          minmay_misc_feat_rows, kennysheep_slug_shrine
D:5:      lemuel_coloured_pillars_altar, gammafunk_temple_overflow_elements,
          minmay_temple_entry_trees, serial_shops, shop, st_stairs_10,
          uniq_grinder
D:6:      minmay_goblin_kobold_castle, yredelemnul_altar_generic
D:8:      zin_angel, uniq_grum
D:9:      xom_teletrap_fun, overflow_temple_1_default, serial_ice, serial_ice_o,
          serial_ice_h, serial_ice_a, serial_ice_d, serial_ice_e, serial_ice_f,
          serial_ice_n, basic_altar, grunt_pizzeria, glass_columns_c
D:10:     david_lair_generic, serial_shops, shop, enter_trove_2,
          minmay_librarian
D:11:     uniq_gastronok
D:12:     hiddenorc2_lemuel, lightli_minifort
D:13:     hangedman_vaults_entry_quadrant_bands, grunt_ministairs_3,
          minmay_crystal_box
D:14:     lab_entry_generic, nicolae_sextant, kennysheep_boxes
D:15:     grunt_enter_depths_hoard, serial_shops, shop, serial_park_square3,
          fedhas_altar_4, uniq_nessos
Lair:1:   basic_altar, grunt_forest_small_clearings, st_stairs_6,
          grunt_megastairs_5
Lair:2:   shoals_dummy_entry, grunt_forest_stairs_clearing
Lair:3:   basic_altar, minmay_lair_oklob_bushes, hangedman_lair_unloving_vines,
          lemuel_fruit_tree, serial_bayou_shore_b, uniq_harold
Lair:4:   minmay_snake_entry_guardpost_small
Lair:5:   serial_bayou_pond_e, serial_bayou_shore_a
Lair:6:   minmay_lair_end_enchanted_forest, slime_altar_1
Orc:1:    portal_ice_cave_entry_animals_and_master, serial_shops, shop,
          uniq_snorg
Orc:2:    grunt_orc_gardens, grunt_orc_garden, grunt_orc_garden,
          grunt_orc_garden, grunt_orc_garden, roderic_batcave, uniq_maurice
Abyss:1:  evilmike_abyss_exit_14
Abyss:2:  patterned_corridor, hangedman_classic_abyss_death
Abyss:3:  nicolae_abyss_rune_left_handed,
          due_evilmike_abyss_rune_seething_liches
Abyss:4:  evilmike_nicolae_abyss_rune_containment_curve, evilmike_abyss_exit_8
Abyss:5:  hangedman_decor_peaks_small, hangedman_decor_riveting,
          hangedman_abyss_batty_box, evilmike_abyss_rune_siren_acolytes
Lab:      labyrinth_spiral, nicolae_lab_do_over, nicolae_lab_lava

Skill      XL: |  1  2  3  4  5  6  7  8  9 10 11 12 13 14 15 |
---------------+----------------------------------------------+-----
Dodging        | 6 7 8 9 11 12 14 16 17 19 | 19.7
Stealth        | 6 8 9 11 12 13 | 13.0
Short Blades   | 3 5 7 8 9 10 11 12 13 | 13.6
Fighting       | 3 4 5 6 7 8 9 10 11 | 11.0
Evocations     | 1 2 |  2.0
Invocations    | 2 3 5 6 |  6.5
Charms         | 1 5 |  5.8
Polearms       | 1 |  1.2
Spellcasting   | 3 4 |  4.0
Armour         | 4 6 7 8 |  8.1
Hexes          | |  0.8

Action                   |  1- 3 |  4- 6 |  7- 9 | 10-12 | 13-15 || total
-------------------------+-------+-------+-------+-------+-------++-------
Melee: Short sword       |     2 |     3 |    43 |       |    14 ||    62
       Dagger            |       |   146 |   546 |  1729 |   827 ||  3248
       Trident           |       |       |       |    80 |       ||    80
       Headbutt          |       |       |       |     2 |       ||     2
       Quick blade       |       |       |       |       |  1627 ||  1627
 Cast: Beastly Appendage |       |       |       |     1 |       ||     1
Invok: Depart the Abyss  |       |     1 |       |     1 |     1 ||     3
       Enter the Abyss   |       |       |       |     1 |     2 ||     3
       Brand Weapon With |       |       |       |       |     1 ||     1
Evoke: Phial of floods   |     1 |       |       |     1 |     1 ||     3
       Wand              |       |       |     4 |    16 |     6 ||    26
  Use: Scroll            |       |     3 |     3 |    17 |    19 ||    42
       Potion            |       |       |       |     5 |     6 ||    11
 Stab: Sleeping          |       |    17 |    19 |    26 |    31 ||    93
       Distracted        |       |       |     2 |    11 |    14 ||    27
       Invisible         |       |       |       |     4 |       ||     4
  Eat: Ration            |       |       |     2 |     7 |     9 ||    18
Armor: Robe              |       |    10 |    12 |    17 |       ||    39
       Swamp dragon scal |       |       |       |    32 |   150 ||   182
       Troll leather arm |       |       |       |     4 |       ||     4
       Acid dragon scale |       |       |       |       |     3 ||     3
Dodge: Dodged            |       |   101 |   448 |  1483 |  1845 ||  3877
Block: Other             |       |       |       |       |     8 ||     8

Table legend:
 A = Spawn XP
 B = Non-spawn XP
 C = Spawn XP percentage of total XP
 D = Spawn monster count
 E = Non-spawn monster count
 F = Spawn count percentage of total count
 G = Total turns spent on level
                    A         B        C        D         E        F      G
               +---------+---------+-------+---------+---------+-------+---------
         Total |    1178 |  128415 |   0.9 |       3 |     784 |   0.4 | 29766
               +---------+---------+-------+---------+---------+-------+---------
           D:1 |       0 |      15 |   0.0 |       0 |       7 |   0.0 |   964
           D:2 |       0 |      74 |   0.0 |       0 |      21 |   0.0 |   618
           D:3 |       0 |     144 |   0.0 |       0 |      13 |   0.0 |   705
           D:4 |       0 |     587 |   0.0 |       0 |      21 |   0.0 |  1014
           D:5 |       0 |     808 |   0.0 |       0 |      18 |   0.0 |   970
           D:6 |       0 |     775 |   0.0 |       0 |      66 |   0.0 |  1500
           D:7 |       0 |    1319 |   0.0 |       0 |       9 |   0.0 |   712
           D:8 |       0 |    1307 |   0.0 |       0 |      20 |   0.0 |  1228
           D:9 |       0 |    3896 |   0.0 |       0 |      43 |   0.0 |  2003
          D:10 |       0 |    2182 |   0.0 |       0 |      24 |   0.0 |   997
          D:11 |       0 |    5673 |   0.0 |       0 |      23 |   0.0 |  1308
          D:12 |       0 |    7773 |   0.0 |       0 |      74 |   0.0 |  2410
          D:13 |       0 |   14515 |   0.0 |       0 |      46 |   0.0 |  1444
          D:14 |       0 |    5895 |   0.0 |       0 |      17 |   0.0 |  1328
          D:15 |       0 |    2242 |   0.0 |       0 |       7 |   0.0 |   156
        Lair:1 |       0 |    6043 |   0.0 |       0 |      22 |   0.0 |   887
        Lair:2 |       0 |    5815 |   0.0 |       0 |      29 |   0.0 |   925
        Lair:3 |       0 |    8848 |   0.0 |       0 |      37 |   0.0 |  1903
        Lair:4 |       0 |    5603 |   0.0 |       0 |      20 |   0.0 |  1140
        Lair:5 |       0 |    5200 |   0.0 |       0 |      20 |   0.0 |  1162
        Lair:6 |       0 |   19668 |   0.0 |       0 |      90 |   0.0 |  1688
         Orc:1 |       0 |   15360 |   0.0 |       0 |      77 |   0.0 |  1688
         Orc:2 |       0 |    8055 |   0.0 |       0 |      67 |   0.0 |  1159
       Abyss:2 |     325 |     842 |  27.8 |       1 |       1 |  50.0 |   435
       Abyss:3 |      10 |    1814 |   0.5 |       1 |       3 |  25.0 |   305
       Abyss:5 |     843 |    2147 |  28.2 |       1 |       4 |  20.0 |   237
           Lab |       0 |    1815 |   0.0 |       0 |       5 |   0.0 |   610
               +---------+---------+-------+---------+---------+-------+---------
